 Dungeon Crawl Stone Soup version 0.30-b1-2-g02819fbbbe (webtiles) character file.

Game seed: 7658103682595422583

69575 Mesmaeker13 the Destroyer (level 14, -10/68 HPs)
             Began as a Deep Elf Air Elementalist on July 19, 2023.
             Was a High Priest of Vehumet.
             Killed from afar by Azrael (49 damage)
             ... with damnation
             ... on level 2 of the Orcish Mines on July 20, 2023.
             The game lasted 01:06:34 (22473 turns).

Mesmaeker13 the Destroyer (DEAE)                   Turns: 22473, Time: 01:06:35

Health: -10/68     AC: 12    Str:  6 (7)  XL:     14   Next: 90%
Magic:  26/31      EV: 15    Int: 30      God:    Vehumet [*****.]
Gold:   1941       SH:  6    Dex: 17 (19) Spells: 10/35 levels left

rFire   + + .        e - staff of air
rCold   + + .        g - +0 buckler
rNeg    . . .        K - +2 troll leather armour {Snorg}
rPois   .            h - +0 helmet "Ituisykh" {rC+ Regen+}
rElec   +            B - scarf "Wiaseam" {rC+ rF+, Will+ rCorr Dex+4}
rCorr   +            A - +0 pair of gloves
SInv    +            S - +1 pair of boots {rampage}
Will    ++...        r - amulet of magic regeneration
Stlth   ++           F - ring of see invisible
HPRegen 1.91/turn    I - ring "Mippaq" {rF+ Int+6}
MPRegen 0.62/turn

%: rampage
@: no status effects
A: no striking features
a: Renounce Religion


You were on level 2 of the Orcish Mines.
You worshipped Vehumet.
Vehumet was extremely pleased with you.
You visited 4 branches of the dungeon, and saw 19 of its levels.

You collected 1941 gold pieces.

Inventory:

Hand Weapons
 a - the +5 morningstar of Qimeag Kou {vamp, rF+ rCorr Dex+3 SInv}
   (You took it off an orc wizard on level 1 of the Orcish Mines)

   Dex:       It affects your dexterity (+3).
   rF:        It protects you from fire.
   SInv:      It lets you see invisible.
   rCorr:     It protects you from acid and corrosion.
 X - the +8 whip "Snakebite" {venom, curare, rPois}
   (You found it on level 4 of the Lair of Beasts)

   rPois:     It protects you from poison.
Missiles
 v - a throwing net
Armour
 g - a +0 buckler (worn)
 h - the +0 helmet "Ituisykh" (worn) {rC+ Regen+}
   (You acquired it on level 2 of the Lair of Beasts)

   rC:        It protects you from cold.
   Regen:     It increases your rate of health regeneration.
 t - a +0 kite shield
 A - a +0 pair of gloves (worn)
 B - the scarf "Wiaseam" (worn) {rC+ rF+, Will+ rCorr Dex+4}
   (You found it on level 10 of the Dungeon)

   Dex:       It affects your dexterity (+4).
   rCorr:     It protects you from acid and corrosion.
   Will:      It increases your willpower.
 K - a +2 troll leather armour (worn) {Snorg}
 L - the +5 chain mail of the Shore {rPois Str+6 Dex-2 SInv}
   (You found it on level 3 of the Lair of Beasts)

   Str:       It affects your strength (+6).
   Dex:       It affects your dexterity (-2).
   rPois:     It protects you from poison.
   SInv:      It lets you see invisible.
 S - a +1 pair of boots of rampaging (worn)
 U - the +4 chain mail of Instinct {Will++ Dex+2}
   (You found it on level 4 of the Lair of Beasts)

   Dex:       It affects your dexterity (+2).
   Will:      It greatly increases your willpower.
Magical Staves
 e - a staff of air (weapon)
 P - a staff of conjuration
Jewellery
 i - the ring of the Mage {Wiz Archmagi}
   (You took it off an orc warrior on level 1 of the Orcish Mines)

   [ring of wizardry]

   It improves your spell success rate.
   Archmagi:  It increases the power of your magical spells.
 n - a +5 ring of evasion
 r - an amulet of magic regeneration (around neck)
 w - a ring of wizardry
 x - a ring of poison resistance
 F - a ring of see invisible (left hand)
 I - the ring "Mippaq" (right hand) {rF+ Int+6}
   (You found it on level 10 of the Dungeon)

   [ring of intelligence]

   Int:       It affects your intelligence (+6).
   rF:        It protects you from fire.
 R - the ring "Anoenu" {MP+9 Str+6 Dex+3}
   (You acquired it on level 4 of the Lair of Beasts)

   [ring of strength]

   Str:       It affects your strength (+6).
   Dex:       It affects your dexterity (+3).
   MP:        It affects your magic capacity (+9).
Wands
 J - a wand of digging (6)
Scrolls
 c - 2 scrolls of teleportation
 d - a scroll of fear
 p - 2 scrolls of blinking
 N - a scroll of fog
 Q - 2 scrolls of magic mapping
 V - a scroll of poison {unknown}
Potions
 b - 2 potions of magic
 f - 3 potions of lignification
 j - 3 potions of might
 m - 2 potions of resistance
 o - 3 potions of curing
 q - a potion of mutation
 u - 4 potions of cancellation
 C - 4 potions of flight
 D - 4 potions of heal wounds
 G - a potion of ambrosia


   Skills:
 - Level 6.5 Armour
 - Level 8.7 Dodging
 - Level 2.4 Stealth
 + Level 7.0 Shields
 + Level 11.2 Spellcasting
 + Level 14.6 Conjurations
 - Level 6.0 Hexes
 - Level 11.0 Fire Magic
 + Level 13.8 Air Magic


You had 10 spell levels left.
You knew the following spells:

 Your Spells              Type           Power      Damage    Failure   Level
a - Arcjolt               Conj/Air       50%        1d60      1%          5
b - Conjure Ball Lightni  Conj/Air       50%        3x3d17    1%          6
c - Swiftness             Air            99%        N/A       1%          3
d - Airstrike             Air            49%        2d(8-24)  1%          4
e - Sticky Flame          Conj/Fire      76%        2d9       1%          4
f - Inner Flame           Hex/Fire       62%        N/A       1%          3

Your spell library contained the following spells:

 Spells                   Type           Power      Damage    Failure   Level
 Freezing Cloud           Conj/Ice/Air   42%        6-21      1%          5
 Shock                    Conj/Air       100%       1d9       0%          1
 Freeze                   Ice            64%        1d7       1%          1
 Static Discharge         Conj/Air       100%       2-7/arc   1%          2
 Hailstorm                Conj/Ice       57%        3d12      1%          3
 Stone Arrow              Conj/Erth      100%       3d13      1%          3
 Flame Wave               Conj/Fire      76%        2d17      1%          4
 Frozen Ramparts          Ice            32%        1d5       6%          3
 Portal Projectile        Hex/Tloc       68%        N/A       6%          3
 Apportation              Tloc           32%        N/A       7%          1
 Gell's Gravitas          Tloc           16%        N/A       22%         3
 Teleport Other           Tloc           16%        N/A       22%         3
 Animate Armour           Summ/Erth      32%        N/A       56%         4
 Animate Dead             Necr           16%        N/A       56%         4
 Manifold Assault         Tloc           16%        N/A       56%         4
 Alistair's Intoxication  Tmut/Pois      10%        N/A       89%         5
 Borgnjor's Vile Clutch   Necr/Erth      8%         N/A       89%         5
 Lehudib's Crystal Spear  Conj/Erth      28%        10d8      99%         8
 Chain Lightning          Conj/Air       50%        3d67      99%         9
 Death Channel            Necr           8%         N/A       100%        6
 Dispersal                Tloc           8%         N/A       100%        6
 Discord                  Hex            26%        N/A       100%        8
 Disjunction              Tloc           8%         N/A       100%        8


Dungeon Overview and Level Annotations

Branches:
Dungeon (11/15)            Temple (1/1) D:7            Lair (5/5) D:11
  Swamp (0/4) Lair:3       Spider (0/4) Lair:2        Slime (0/5) Lair:5
    Orc (2/2) D:9             Elf (0/3) Orc:2

Altars:
Ashenzari
Cheibriados
Elyvilon
Fedhas
Gozag
Hepliaklqana
Kikubaaqudgha
Makhleb
Nemelex Xobeh
Okawaru
Qazlal
Ru
Sif Muna
Trog
Uskayaw
Vehumet
Wu Jian
Xom
Yredelemnul
Zin
The Shining One
Jiyva

Shops:
D:4 ?   D:6 (

Annotations:
D:2 1 runed translucent door, Crazy Yiuf
D:11 1 exclusion, Erolcha
Lair:5 2 transporters, Adireryl's ghost, journeyman HOFi
Orc:2 2 runed translucent doors, Azrael


Message History

Vehumet accepts your kill.
You feel your power returning.
An orc comes into view. It is wielding a +0 club.
The orc moves out of view.
Magic restored.
Things that are here:
a +0 dagger of speed; a +0 ring mail; an orc corpse Unknown command.
You now have 1917 gold pieces (gained 20).
You now have 1941 gold pieces (gained 24).
An orc is nearby!
Casting: Airstrike (safe; 1% risk of failure)
Confirm with . or Enter, or press ? or * to list all spells.
Aiming: Airstrike (safe; 1% risk of failure)
Press: ? - help, Dir - move target, f - orc
Aim: an orc, wielding a +0 club and wearing a +0 leather armour (wandering, hasn't noticed you, empty space bonus: 3/8)
You feel a surge of power!
The air twists around and strikes the orc!
You kill the orc!
Vehumet accepts your kill.
You feel your power returning.
Found a staircase to the Elven Halls.
Found 51 gold pieces.
Found a runed translucent gate.
Azrael the Boundless Flame comes into view.
He is wielding a +4 scimitar of flaming.
Found 30 gold pieces.
Azrael gestures at you.
The sphere of damnation explodes!
The damnation engulfs you!!
You hear a bark!
You hear a shout! x6
Casting: Airstrike (safe; 1% risk of failure)
Confirm with . or Enter, or press ? or * to list all spells.
You feel a surge of power!
You create some ball lightning! 3 ball lightnings come into view.
Azrael gestures at you.
The sphere of damnation explodes!
The damnation engulfs your ball lightning!!!
The damnation engulfs your ball lightning!!
The damnation engulfs you!!!
Ouch! That really hurt!
You die...

.. .## .. ..# ##. ..#
... ...##..##..#Z...
...#.......#..###++
...................
#.........*$......
###................. ##
##..#........@.......
.###....................
...#....#...............
.......................R
#.......................
##.###>.................
#####............$#.....
# #...................$
# ##.###..............


You could see Azrael (ally target), an orc warrior simulacrum and a friendly
ball lightning.

Vanquished Creatures
  2 orc warlords (Orc:1)
  Snorg (D:11)
  Josephine (D:11)
  3 catoblepae (Lair:5)
  7 hydras
  An ogre mage (Orc:1)
  2 death knights (D:11)
  4 boulder beetles
  Erica (D:8)
  2 tengu warriors (D:11)
  8 two-headed ogres
  13 death yaks
  A skyshark (Lair:5)
  A skeletal warrior (D:10)
  2 orc knights (Orc:1)
  2 oklob plants (Lair:5)
  2 orc sorcerers (Orc:1)
  3 manticores
  3 elephants (Lair:5)
  2 torpor snails
  4 black mambas
  A gargoyle (D:11)
  7 komodo dragons
  10 cane toads
  Psyche (D:8)
  A freezing wraith (D:11)
  An unseen horror (D:11)
  A rime drake (Lair:3)
  2 trolls
  4 hornets
  A polar bear (Lair:4)
  Prince Ribbit (D:8)
  13 blink frogs
  4 jumping spiders (Lair:2)
  5 culicivoras
  A shadow (D:9)
  5 wraiths
  57 yaks
  Grum (Lair:1)
  9 basilisks
  6 wyverns
  Menkaure (D:7)
  4 swamp worms (Lair:3)
  4 wargs (Orc:1)
  2 acid dragons
  22 water moccasins
  Duvessa (D:7)
  20 orc warriors
  3 ice beasts
  4 black bears
  2 sky beasts (D:6)
  17 wolves
  8 ogres
  3 centaurs
  3 phantoms
  2 kobold brigands
  Blork the orc (D:6)
  2 gnoll sergeants
  13 bullfrogs
  3 scorpions
  7 wights
  Dowan (D:7)
  12 killer bees
  5 howler monkeys
  3 electric eels
  4 hounds
  2 jellies
  11 orc priests
  2 gnoll boudas
  3 sleepcaps
  13 orc wizards
  5 iguanas
  8 adders
  16 gnolls
  A shadow imp (D:5)
  3 white imps
  An ufetubus (D:4)
  3 worms
  5 dart slugs
  50 orcs
  4 endoplasms
  2 giant cockroaches
  2 goblins (D:2)
  5 hobgoblins
  16 kobolds
  7 quokkas
  7 ball pythons
  5 bats
  A frilled lizard (D:1)
  4 rats
519 creatures vanquished.

Vanquished Creatures (collateral kills)
  A ball lightning (Orc:1)
1 creature vanquished.

Vanquished Creatures (others)
  An orc (D:8)
  31 ball lightnings
  25 fungi
  56 plants
113 creatures vanquished.

Grand Total: 633 creatures vanquished

Notes
Turn   | Place    | Note
-------+----------+-------------------------------------------
     0 | D:1      | Mesmaeker13 the Deep Elf Air Elementalist began the quest
                  | for the Orb.
     0 | D:1      | Reached XP level 1. HP: 10/10 MP: 6/6
    44 | D:1      | Found a faded altar of an unknown god.
   329 | D:1      | Reached XP level 2. HP: 15/15 MP: 5/8
  1130 | D:2      | Learned a level 2 spell: Static Discharge
  1307 | D:2      | Reached XP level 3. HP: 19/19 MP: 5/10
  1380 | D:2      | Reached skill level 2 in Conjurations
  1550 | D:2      | Noticed a gnoll sergeant
  1728 | D:2      | Found a runed translucent door.
  1729 | D:2      | Noticed Crazy Yiuf
  2002 | D:2      | Reached XP level 4. HP: 24/24 MP: 7/11
  2241 | D:2      | Killed a gnoll sergeant
  2242 | D:2      | Reached XP level 5. HP: 28/28 MP: 7/13
  2553 | D:3      | Learned a level 3 spell: Swiftness
  3232 | D:3      | Found a shimmering blue altar of Sif Muna.
  3232 | D:3      | Found a white marble altar of Elyvilon.
  3500 | D:4      | Reached skill level 3 in Conjurations
  3952 | D:4      | Found an iron altar of Okawaru.
  4386 | D:4      | Found Ypos's Magic Scroll Shop.
  4422 | D:5      | Entered Level 5 of the Dungeon
  4423 | D:5      | Noticed a phantom
  4424 | D:5      | Noticed an ice beast
  4480 | D:4      | Learned a level 4 spell: Airstrike
  4546 | D:5      | Reached XP level 6. HP: 32/32 MP: 9/15
  4720 | D:5      | Killed an ice beast
  4721 | D:5      | Reached skill level 5 in Spellcasting
  4897 | D:5      | Noticed a water moccasin
  4911 | D:5      | Killed a water moccasin
  4912 | D:5      | Reached skill level 5 in Dodging
  4912 | D:5      | Reached skill level 4 in Conjurations
  4912 | D:5      | Reached XP level 7. HP: 10/36 MP: 6/17
  5341 | D:5      | Reached skill level 5 in Air Magic
  5934 | D:6      | Reached skill level 5 in Conjurations
  5971 | D:6      | Reached XP level 8. HP: 34/41 MP: 15/20
  6129 | D:6      | Noticed Blork the orc
  6160 | D:6      | Killed Blork the orc
  6573 | D:6      | Reached skill level 6 in Conjurations
  6714 | D:6      | Found Bommalin's Weapon Shoppe.
  7448 | D:7      | Reached XP level 9. HP: 39/45 MP: 21/23
  7802 | D:7      | You fall into a shaft and drop 3 floors!
  7802 | D:10     | Entered Level 10 of the Dungeon
  7820 | D:10     | Identified the scarf "Wiaseam" {rC+ rF+, Will+ rCorr Dex+4}
  8008 | D:10     | Noticed a troll
  8015 | D:9      | Noticed a manticore
  8020 | D:9      | Noticed a centaur warrior
  8032 | D:9      | Killed a manticore
  8033 | D:9      | Reached skill level 7 in Conjurations
  8179 | D:9      | Noticed a cyclops
  8365 | D:8      | Noticed Psyche
  8979 | D:7      | Found a staircase to the Ecumenical Temple.
  8986 | Temple   | Entered the Ecumenical Temple
  8993 | Temple   | Became a worshipper of Vehumet
  9131 | D:7      | Reached skill level 1 in Armour
  9319 | D:7      | Reached XP level 10. HP: 50/50 MP: 20/25
  9339 | D:7      | Noticed Menkaure
  9340 | D:7      | Killed Menkaure
  9341 | D:7      | Reached skill level 8 in Conjurations
  9355 | D:7      | Reached skill level 10 in Spellcasting
  9573 | D:7      | Noticed Duvessa
  9573 | D:7      | Noticed Dowan
  9581 | D:7      | Killed Dowan
  9583 | D:7      | Killed Duvessa
  9796 | D:8      | Killed Psyche
  9930 | D:8      | Noticed Prince Ribbit
  9937 | D:8      | Killed Prince Ribbit
 10131 | D:8      | Noticed Erica
 10142 | D:8      | Killed Erica
 10525 | D:8      | Found a blossoming altar of Fedhas.
 10527 | D:8      | Found an ancient bone altar of Kikubaaqudgha.
 10887 | D:9      | Found a staircase to the Orcish Mines.
 10897 | D:9      | Found a basalt altar of Yredelemnul.
 10900 | D:9      | Found a shimmering altar of Xom.
 10902 | D:9      | Found a hide-covered altar of Uskayaw.
 10902 | D:9      | Found a burning altar of Makhleb.
 10953 | D:9      | Reached skill level 9 in Conjurations
 11572 | D:10     | Found an ornate altar of the Wu Jian Council.
 11649 | D:10     | Identified the ring "Mippaq" {rF+ Int+6}
 11919 | D:10     | Reached * piety under Vehumet
 11919 | D:10     | Offered knowledge of Magic Dart by Vehumet.
 12347 | D:11     | Noticed Erolcha
 12349 | D:11     | Noticed a death knight
 12351 | D:11     | Noticed a death knight
 12396 | D:11     | Learned a level 4 spell: Sticky Flame
 12452 | D:11     | Noticed Snorg
 12458 | D:11     | Killed Snorg
 12459 | D:11     | Reached skill level 1 in Fire Magic
 12459 | D:11     | Reached XP level 11. HP: 54/54 MP: 13/28
 12616 | D:11     | Noticed a two-headed ogre
 12620 | D:11     | Killed a two-headed ogre
 12713 | D:11     | Noticed a boulder beetle
 12805 | D:11     | Noticed Josephine
 12809 | D:11     | Killed Josephine
 12968 | D:11     | Noticed a skeletal warrior
 12987 | D:10     | Killed a skeletal warrior
 12988 | D:10     | Reached skill level 10 in Conjurations
 13060 | D:11     | Found a staircase to the Lair.
 13091 | Lair:1   | Entered Level 1 of the Lair of Beasts
 13159 | Lair:1   | Learned a level 3 spell: Inner Flame
 13167 | Lair:1   | Offered knowledge of Searing Ray by Vehumet.
 13167 | Lair:1   | Reached ** piety under Vehumet
 13168 | Lair:1   | Reached skill level 1 in Hexes
 13196 | Lair:1   | Noticed a boulder beetle
 13213 | Lair:1   | Killed a boulder beetle
 13214 | Lair:1   | Reached skill level 5 in Armour
 13417 | Lair:1   | Noticed a five-headed hydra
 13424 | Lair:1   | Killed a five-headed hydra
 13425 | Lair:1   | Reached skill level 10 in Air Magic
 13618 | Lair:1   | Noticed Grum
 13644 | Lair:1   | Reached skill level 5 in Fire Magic
 13660 | Lair:1   | Killed Grum
 14230 | Lair:2   | Noticed a four-headed hydra
 14234 | Lair:2   | Killed a four-headed hydra
 14290 | Lair:2   | Reached XP level 12. HP: 59/59 MP: 18/29
 14722 | Lair:1   | Reached skill level 11 in Conjurations
 14758 | Lair:2   | Reached skill level 5 in Hexes
 14961 | Lair:2   | Noticed a boulder beetle
 15180 | Lair:2   | Offered knowledge of Momentum Strike by Vehumet.
 15287 | Lair:2   | Killed a boulder beetle
 15475 | Lair:2   | Found a hole to the Spider Nest.
 15584 | Lair:2   | Identified a scroll of acquirement
 15584 | Lair:2   | Acquired the +0 helmet "Ituisykh" {rC+ Regen+}
 16184 | Lair:3   | Identified the +5 chain mail of the Shore {rPois Str+6
                  | Dex-2 SInv}
 16197 | Lair:3   | Reached *** piety under Vehumet
 16284 | Lair:3   | Noticed a four-headed hydra
 16449 | Lair:4   | Reached skill level 1 in Shields
 16637 | Lair:3   | Noticed an eight-headed hydra
 16644 | Lair:3   | Killed an eight-headed hydra
 16645 | Lair:3   | Reached skill level 12 in Conjurations
 16728 | Lair:3   | Offered knowledge of Volatile Blastmotes by Vehumet.
 16746 | Lair:3   | Reached XP level 13. HP: 63/63 MP: 19/30
 17031 | Lair:3   | Found a staircase to the Swamp.
 17298 | Lair:4   | Identified the +4 chain mail of Instinct {Will++ Dex+2}
 17538 | Lair:4   | Reached **** piety under Vehumet
 17571 | Lair:4   | Identified the +2 ring mail of Cuelusye {SInv}
 17748 | Lair:4   | Offered knowledge of Mephitic Cloud by Vehumet.
 17977 | Lair:4   | Found the +8 whip "Snakebite" {venom, curare, rPois}
 18138 | Lair:4   | Acquired the ring "Anoenu" {MP+9 Str+6 Dex+3}
 18149 | Lair:5   | Entered Level 5 of the Lair of Beasts
 18149 | Lair:5   | Found a transporter.
 18199 | Lair:5   | Found a transporter.
 18209 | Lair:5   | Noticed Adireryl's ghost (journeyman HOFi)
 18464 | Lair:5   | Reached skill level 13 in Conjurations
 18676 | Lair:5   | Found a staircase to the Slime Pits.
 18694 | Lair:5   | Found a viscous altar of Jiyva.
 19083 | Lair:5   | Reached skill level 5 in Shields
 19235 | Lair:5   | Reached XP level 14. HP: 60/68 MP: 21/31
 19498 | Lair:5   | Reached skill level 10 in Fire Magic
 19921 | Lair:5   | Reached ***** piety under Vehumet
 20512 | D:11     | Offered knowledge of Arcjolt by Vehumet.
 20872 | D:11     | Found a broken altar of Ashenzari.
 20890 | D:11     | Reached skill level 14 in Conjurations
 21226 | Orc:1    | Entered Level 1 of the Orcish Mines
 21317 | D:9      | Learned a level 5 spell: Arcjolt
 21324 | D:9      | Learned a level 6 spell: Conjure Ball Lightning
 21491 | Orc:1    | Noticed an orc warlord
 21498 | Orc:1    | Killed an orc warlord
 21663 | Orc:1    | Identified the +5 morningstar of Qimeag Kou {vamp, rF+
                  | rCorr Dex+3 SInv}
 21780 | Orc:1    | Noticed an orc warlord
 22071 | Orc:1    | Killed an orc warlord
 22201 | Orc:1    | Got Sif Muna's Teachings on the Fey Tempest
 22293 | Orc:2    | Entered Level 2 of the Orcish Mines
 22399 | Orc:2    | Offered knowledge of Freezing Cloud by Vehumet.
 22455 | Orc:2    | Found a staircase to the Elven Halls.
 22471 | Orc:2    | Found a runed translucent gate.
 22472 | Orc:2    | Found a runed translucent gate.
 22472 | Orc:2    | Noticed Azrael
 22473 | Orc:2    | Killed from afar by Azrael

Illustrated notes

Levels and vault maps discovered:
D:1:      psy_arrival_fountain, layout_basic, chequers_ecumenical_altar_island
D:2:      layout_loops_ring, pf_guarded_unrand_woodcutter,
          uniq_crazy_yiuf_cottage
D:3:      layout_loops_ring, amethyst_overflow_temple_binary
D:4:      layout_basic, hellmonk_okawaru_the_only_friend_you_need, serial_shops,
          nicolae_shop_rolled_up
D:5:      minmay_opposing_rooms, layout_rooms
D:6:      minmay_skewed_foursquare, layout_loops_ring, serial_shops,
          nicolae_shop_bloodbath_and_beyond, uniq_blork_the_orc
D:7:      layout_basic, minmay_temple_entry_junction, uniq_duvessa,
          uniq_menkaure
D:8:      layout_gridville, grunt_temple_overflow_growth_and_decay, uniq_psyche,
          uniq_prince_ribbit1, uniq_erica
D:9:      cheibrodos_elevator_heist, layout_loops_ring,
          mainiacjoe_overflow_alcove_3
D:10:     layout_basic, mainiacjoe_overflow_cross_hatched
D:11:     cheibrodos_tormentor_scu, layout_irregular_city,
          minmay_lair_entry_grove, ashenzari_altar_1, uniq_snorg, uniq_erolcha,
          uniq_josephine
Temple:   nicolae_temple_ecumenical_triangle
Lair:1:   layout_cave_pods, guppyfry_lair_drakes, uniq_grum
Lair:2:   layout_big_grid, nicolae_spider_entry_tight_spaces, st_stairs_8,
          pdpol_lair_cavern_descent
Lair:3:   layout_long_grid, palyth_hydra_swamp_entry, lemuel_fruit_fields
Lair:4:   minmay_guarded_unrand_snakebite, layout_gridlike,
          infiniplex_staircase_pool, grunt_megastairs_2
Lair:5:   evilmike_catoblepas_cave, layout_cave_shapes,
          minmay_slime_entry_oklob_open, gammafunk_ghost_berserking_beasts,
          lemuel_fruit_tree
Orc:1:    layout_caves, minmay_orc_treasury
Orc:2:    grunt_orc_cross, layout_caves, gammafunk_ghost_necromancy,
          bh_open_orc_temple, uniq_azrael

Skill      XL: |  1  2  3  4  5  6  7  8  9 10 11 12 13 14 |
---------------+-------------------------------------------+-----
Dodging        | 3 4 5 6 7 8 |  8.7
Conjurations   | 2 3 4 5 6 7 9 10 12 13 14 | 14.6
Spellcasting   | 4 5 6 8 9 11 | 11.2
Air Magic      | 4 5 6 7 9 10 11 12 13 | 13.8
Armour         | 1 3 5 6 |  6.5
Fire Magic     | 1 5 7 9 11 | 11.0
Hexes          | 4 6 |  6.0
Shields        | 2 5 7 |  7.0
Stealth        | |  2.4

Action                     |  1- 3 |  4- 6 |  7- 9 | 10-12 | 13-15 || total
---------------------------+-------+-------+-------+-------+-------++-------
  Melee: Unarmed           |     2 |       |     5 |       |       ||     7
         Quarterstaff      |     3 |       |       |       |       ||     3
         Battleaxe         |       |     2 |    30 |    21 |       ||    53
         Staff             |       |       |       |    16 |    30 ||    46
   Cast: Shock             |    72 |   119 |   218 |   115 |    34 ||   558
         Static Discharge  |       |     5 |    11 |    28 |     4 ||    48
         Airstrike         |       |       |    34 |   231 |   284 ||   549
         Swiftness         |       |       |     1 |    11 |     8 ||    20
         Sticky Flame      |       |       |       |    27 |    41 ||    68
         Inner Flame       |       |       |       |    10 |    25 ||    35
         Arcjolt           |       |       |       |       |    20 ||    20
         Conjure Ball Ligh |       |       |       |       |    13 ||    13
  Evoke: Wand              |       |       |       |     7 |    28 ||    35
    Use: Scroll            |       |     6 |    10 |    15 |     8 ||    39
         Potion            |       |       |     1 |     4 |    10 ||    15
   Stab: Paralysed         |       |       |     3 |       |       ||     3
         Invisible         |       |       |       |     1 |       ||     1
 Armour: Robe              |     2 |     2 |    15 |       |       ||    19
         Skin              |       |       |     2 |       |       ||     2
         Leather armour    |       |       |     1 |     7 |       ||     8
         Troll leather arm |       |       |       |    23 |    43 ||    66
  Dodge: Dodged            |    10 |    14 |    86 |   125 |   122 ||   357
  Block: Buckler           |       |       |       |       |    44 ||    44
